Avalanche vs Blues

Created - October 20, 2016 at 17:52

Goals
1 2 3 T
Avalanche 3 1 3 7
Blues 3 0 2 5
Shots
1 2 3 T
Avalanche 10 15 12 37
Blues 10 10 19 39

1st period

1. Blues , Mike Fisher 1 (Clarke MacArthur, Matt Carle) at 6:14
2. Blues , Clarke MacArthur 2 (Jay Bouwmeester, Johnny Boychuk) at 6:31
3. Avalanche , Paul Stastny 1 (Max Domi, Sami Vatanen) at 7:10
4. Blues , Rick Nash 3 (Jussi Jokinen, Matt Carle) at 10:37
5. Avalanche , Jeff Skinner 4 (Derek Stepan, Sami Vatanen) at 10:53
6. Avalanche , Jaccob Slavin 1 (Anthony Duclair, Derek Stepan) at 14:19

Penalties :
Joffrey Lupul (COL) for Hooking (Minor) at 11:04, Kevin Shattenkirk (COL) for Holding (Minor) at 16:08, Jakub Kindl (STL) for Roughing (Minor) at 19:24

2nd period

7. Avalanche , Derek Stepan 4 (Tyson Barrie) at 14:10

Penalties :
Mark Borowiecki (STL) for Slashing (Minor) at 2:18, Sami Vatanen (COL) for Hooking (Minor) at 10:33, Jakub Kindl (STL) for Hooking (Minor) at 15:17, Milan Michalek (COL) for Hooking (Minor) at 19:02

3rd period

8. Avalanche , Joffrey Lupul 1 (Dylan Larkin, Milan Michalek) at 1:46
9. Avalanche , Paul Stastny 2 (Sami Vatanen, Max Domi) at 4:33 (PP)
10. Blues , Mark Borowiecki 1 (Mike Fisher, Clarke MacArthur) at 5:13
11. Blues , Cal Clutterbuck 2 (Matt Irwin, Nick Cousins) at 6:53
12. Avalanche , Jesper Fast 1 (Reid Boucher, Kevin Bieksa) at 18:57 (Empty Net)

Penalties :
Mike Fisher (STL) for Diving (Minor) at 4:21, Shea Theodore (COL) for Interference (Minor) at 9:44

Goalie Stats

Jake Allen (COL), 34 saves from 39 shots - (0.872), W, 3-0-0, 60:00 minutes
Antti Niemi (STL), 7 saves from 7 shots - (1.000), 15:13 minutes
Karri Ramo (STL), 23 saves from 29 shots - (0.793), L, 0-2-1, 44:33 minutes

Players Stats for Avalanche

Player Name              G  A  P  +/- PIM S  H  SB GA TA FO     MP     PP MP  PK MP  
------------------------------------------------------------------------------------
Anthony Duclair          0  1  1   2  0   3  0  0  0  0  0/0    14:07   0:00   0:30 
Chris Tierney            0  0  0   1  0   0  0  0  0  0  5/9     8:00   0:00   0:00 
Derek Stepan             1  2  3   2  0   5  2  0  0  0  15/25  19:33   2:55   3:01 
Dylan Larkin             0  1  1  -1  0   6  0  0  0  0  7/16   18:43   2:55   3:01 
Jaccob Slavin            1  0  1  -2  0   1  0  3  0  0  0/0    20:33   0:00   5:09 
Jeff Skinner             1  0  1   2  0   4  2  0  0  0  2/2    19:16   3:07   0:00 
Jesper Fast              1  0  1   1  0   2  2  0  0  0  1/1    14:24   0:00   6:24 
Joffrey Lupul            1  0  1   0  2   1  0  0  0  0  0/0    11:38   1:00   0:00 
Kevin Bieksa             0  1  1   0  0   0  4  0  0  0  0/0    21:06   0:00   5:06 
Kevin Shattenkirk        0  0  0  -1  2   1  2  5  0  0  0/0    20:00   3:14   3:45 
Mats Zuccarello          0  0  0  -1  0   3  1  0  0  0  0/1     9:02   2:02   0:00 
Max Domi                 0  2  2  -2  0   4  2  0  0  0  0/0    14:54   3:14   0:00 
Milan Michalek           0  1  1   0  2   2  0  0  0  0  2/3    10:38   0:00   0:00 
Paul Stastny             2  0  2  -2  0   3  0  0  0  0  28/45  21:48   3:14   6:54 
Reid Boucher             0  1  1   1  0   1  0  0  0  0  0/1     8:00   0:00   0:00 
Sami Vatanen             0  3  3   2  2   1  2  1  0  0  0/0    21:30   2:55   3:42 
Shea Theodore            0  0  0   2  2   0  0  1  0  0  0/0    18:07   3:14   0:00 
Tyson Barrie             0  1  1   1  0   0  0  3  0  0  0/0    18:41   2:55   2:08 

Players Stats for Blues

Player Name              G  A  P  +/- PIM S  H  SB GA TA FO     MP     PP MP  PK MP  
------------------------------------------------------------------------------------
Adam Cracknell           0  0  0  -1  0   0  2  0  0  0  1/1     4:23   0:00   0:00 
Cal Clutterbuck          1  0  1  -1  0   5  0  0  0  0  0/1    11:53   0:00   0:00 
Clarke MacArthur         1  2  3   2  0   1  0  0  0  0  0/0    13:44   0:00   0:00 
Jakub Kindl              0  0  0   1  4   0  1  1  0  0  0/0    15:03   4:51   0:00 
Jay Bouwmeester          0  1  1  -4  0   0  0  0  0  0  0/0    25:38   5:04   3:24 
Jay McClement            0  0  0  -1  0   0  3  0  0  0  5/13   12:37   5:06   3:08 
Johnny Boychuk           0  1  1  -4  0   3  1  2  0  0  0/0    25:51   5:04   3:37 
Jussi Jokinen            0  1  1  -1  0   6  1  0  0  0  13/34  22:03   5:06   3:01 
Marian Hossa             0  0  0  -1  0   1  0  0  0  0  0/1    21:53   4:49   3:08 
Mark Borowiecki          1  0  1   2  2   1  6  0  0  0  0/0    18:27   0:00   1:56 
Matt Carle               0  2  2   2  0   4  0  3  0  0  0/0    21:59   4:51   0:36 
Matt Irwin               0  1  1   1  0   1  0  0  0  0  0/0    12:59   0:00   2:45 
Michael Raffl            0  0  0   2  0   1  0  0  0  0  0/0    18:33   4:49   0:00 
Mike Fisher              1  1  2   2  2   3  3  0  0  0  15/30  18:32   4:49   0:00 
Nick Cousins             0  1  1  -1  0   4  0  0  0  0  4/14   11:53   0:00   0:00 
Rick Nash                1  0  1  -1  0   6  6  0  0  0  4/8    22:03   5:06   3:01 
Rob Klinkhammer          0  0  0  -1  0   1  0  0  0  0  0/0     4:23   0:00   0:00 
Tanner Glass             0  0  0  -1  0   2  2  0  0  0  1/1    11:53   0:00   0:00 

3 Stars

1 - Derek Stepan (COL)
2 - Clarke MacArthur (STL)
3 - Mike Fisher (STL)

Power Play

Avalanche - 1 on 4 Attempt(s) - 25.00%
Blues - 0 on 5 Attempt(s) - 0.00%

Penalty Kill

Avalanche - 5 on 5 Attempt(s) - 100.00% - Score 0 goal in Penalty Kill
Blues - 3 on 4 Attempt(s) - 75.00% - Score 0 goal in Penalty Kill

Team Stat

Avalanche - Hits : 17 - Faceoff Wins : 60 - Blocked Shots : 13 - Penalty Minutes : 10
Blues - Hits : 25 - Faceoff Wins : 43 - Blocked Shots : 6 - Penalty Minutes : 8

Official

Referees : Mike Hasenfratz and Frederick L'Ecuyer
Linesman : Vaughan Rody and Mike Cvik

Game Notes

Mats Zuccarello is injured at 13:59 of 2nd period (Bruised Right Shoulder)
Antti Niemi enters game at 4:33 of 3rd period
Jesper Fast has scored in a empty net!

Finance

Level 1 -- Attendance: 5799 (89.22%) -- Ticket Income $585,699
Level 2 -- Attendance: 3566 (71.32%) -- Ticket Income $303,110
Level 3 -- Attendance: 3224 (92.11%) -- Ticket Income $193,440
Level 4 -- Attendance: 2814 (89.33%) -- Ticket Income $126,630
Luxury Box -- Attendance: 891 (89.10%) -- Ticket Income $178,200
Game was played at the Scottrade Center.
Total Attendance: 16294 (85.09%)
Total Ticket Income: $1,387,079
Other Income: $208,062
Total Income: $1,595,141

% Time on Ice - Avalanche

Lines # - Real PCT - Wanted PCT - Time Play
Normal Forward
1 - 31% - 35% - 13:37
2 - 27% - 30% - 11:40
3 - 24% - 25% - 10:39
4 - 18% - 10% - 8:00
Normal Defense
1 - 34% - 32% - 14:54
2 - 30% - 30% - 13:02
3 - 31% - 28% - 13:38
4 - 5% - 10% - 2:22
PP Forward
1 - 53% - 60% - 3:14
2 - 47% - 40% - 2:55
PP Defense
1 - 47% - 60% - 2:55
2 - 53% - 40% - 3:14
PK Forward
1 - 70% - 60% - 6:54
2 - 30% - 40% - 3:01
PK Defense
1 - 49% - 60% - 4:49
2 - 51% - 40% - 5:06
PK3 Forward
1 - 0% - 60%
2 - 0% - 40%
PK3 Defense
1 - 0% - 60%
2 - 0% - 40%
44 Forward
1 - 0% - 60%
2 - 0% - 40%
44 Defense
1 - 0% - 60%
2 - 0% - 40%
Last Minute Offensive  - 0:00
Last Minute Defensive  - 0:00
Total
Forward - 60:00
Defense - 60:00

% Time on Ice - Blues

Lines # - Real PCT - Wanted PCT - Time Play
Normal Forward
1 - 32% - 32% - 13:56
2 - 31% - 29% - 13:44
3 - 27% - 26% - 11:53
4 - 10% - 13% - 4:23
Normal Defense
1 - 39% - 40% - 17:10
2 - 38% - 35% - 16:32
3 - 23% - 25% - 10:14
4 - 0% - 0% - 0:00
PP Forward
1 - 51% - 51% - 5:06
2 - 49% - 49% - 4:49
PP Defense
1 - 51% - 62% - 5:04
2 - 49% - 38% - 4:51
PK Forward
1 - 51% - 50% - 3:08
2 - 49% - 50% - 3:01
PK Defense
1 - 55% - 51% - 3:24
2 - 45% - 49% - 2:45
PK3 Forward
1 - 0% - 51%
2 - 0% - 49%
PK3 Defense
1 - 0% - 51%
2 - 0% - 49%
44 Forward
1 - 0% - 51%
2 - 0% - 49%
44 Defense
1 - 0% - 51%
2 - 0% - 49%
Last Minute Offensive  - 0:00
Last Minute Defensive  - 0:00
Total
Forward - 60:00
Defense - 60:00

Play by Play

1st period


0:01 of 1st period - Jussi Jokinen wins face-off versus Derek Stepan in neutral zone.
0:04 of 1st period - Jeff Skinner is hit by Rick Nash and loses puck.
0:13 of 1st period - Shot by Anthony Duclair.
0:13 of 1st period - Shot Misses the Net.
0:17 of 1st period - Shot by Derek Stepan.
0:17 of 1st period - Deflect By Jeff Skinner.
0:17 of 1st period - Shot Misses the Net.
0:29 of 1st period - Shot by Jeff Skinner.
0:29 of 1st period - Shot Blocked by Johnny Boychuk.
0:39 of 1st period - Shot by Derek Stepan.
0:39 of 1st period - Stopped by Karri Ramo without a rebound.
0:40 of 1st period - Paul Stastny wins face-off versus Mike Fisher in Blues zone.
0:41 of 1st period - Shot by Mats Zuccarello.
0:41 of 1st period - Shot Misses the Net.
1:05 of 1st period - Shot by Clarke MacArthur.
1:05 of 1st period - Shot Blocked by Kevin Shattenkirk.
1:58 of 1st period - Shot by Dylan Larkin.
1:58 of 1st period - Stopped by Karri Ramo without a rebound.
1:59 of 1st period - Nick Cousins wins face-off versus Chris Tierney in Blues zone.
2:44 of 1st period - Nick Cousins is hit by Jesper Fast.
4:04 of 1st period - Shot by Jussi Jokinen.
4:04 of 1st period - Stopped by Jake Allen without a rebound.
4:05 of 1st period - Paul Stastny wins face-off versus Jay McClement in Avalanche zone.
4:05 of 1st period - Max Domi is hit by Adam Cracknell and loses puck.
4:27 of 1st period - Mats Zuccarello is hit by Mark Borowiecki and loses puck.
5:02 of 1st period - Icing by Kevin Shattenkirk.
5:03 of 1st period - Dylan Larkin wins face-off versus Jussi Jokinen in Avalanche zone.
6:14 of 1st period - Shot by Mike Fisher.
6:14 of 1st period - Goal by Mike Fisher - Avalanche : 0 - Blues : 1.
6:15 of 1st period - Jay McClement wins face-off versus Paul Stastny in neutral zone.
6:25 of 1st period - Icing by Shea Theodore.
6:26 of 1st period - Mike Fisher wins face-off versus Paul Stastny in Avalanche zone.
6:31 of 1st period - Shot by Clarke MacArthur.
6:31 of 1st period - Goal by Clarke MacArthur - Avalanche : 0 - Blues : 2.
6:32 of 1st period - Derek Stepan wins face-off versus Mike Fisher in neutral zone.
7:00 of 1st period - Shot by Anthony Duclair.
7:00 of 1st period - Stopped by Karri Ramo without a rebound.
7:01 of 1st period - Paul Stastny wins face-off versus Jussi Jokinen in Blues zone.
7:01 of 1st period - Sami Vatanen is hit by Mark Borowiecki and loses puck.
7:06 of 1st period - Shot by Paul Stastny.
7:06 of 1st period - Shot Misses the Net.
7:08 of 1st period - Shot by Paul Stastny.
7:08 of 1st period - Shot Misses the Net.
7:10 of 1st period - Shot by Max Domi.
7:10 of 1st period - Deflect By Paul Stastny.
7:10 of 1st period - Goal by Paul Stastny - Avalanche : 1 - Blues : 2.
7:11 of 1st period - Jussi Jokinen wins face-off versus Chris Tierney in neutral zone.
7:37 of 1st period - Matt Irwin is hit by Kevin Bieksa and loses puck.
7:46 of 1st period - Shot by Marian Hossa.
7:46 of 1st period - Shot Misses the Net.
7:48 of 1st period - Shot by Jussi Jokinen.
7:48 of 1st period - Stopped by Jake Allen without a rebound.
7:49 of 1st period - Jeff Skinner wins face-off versus Mike Fisher in Avalanche zone.
8:16 of 1st period - Shot by Anthony Duclair.
8:16 of 1st period - Stopped by Karri Ramo with a rebound.
8:42 of 1st period - Icing by Tanner Glass.
8:43 of 1st period - Paul Stastny wins face-off versus Nick Cousins in Blues zone.
9:21 of 1st period - Shot by Tanner Glass.
9:21 of 1st period - Stopped by Jake Allen without a rebound.
9:22 of 1st period - Milan Michalek wins face-off versus Jussi Jokinen in Avalanche zone.
9:39 of 1st period - Shot by Jussi Jokinen.
9:39 of 1st period - Shot Misses the Net.
9:47 of 1st period - Shot by Marian Hossa.
9:47 of 1st period - Stopped by Jake Allen without a rebound.
9:48 of 1st period - Derek Stepan wins face-off versus Jay McClement in Avalanche zone.
10:05 of 1st period - Shot by Jeff Skinner.
10:05 of 1st period - Stopped by Karri Ramo without a rebound.
10:06 of 1st period - Paul Stastny wins face-off versus Jussi Jokinen in Blues zone.
10:23 of 1st period - Shot by Rick Nash.
10:23 of 1st period - Shot Misses the Net.
10:37 of 1st period - Shot by Rick Nash.
10:37 of 1st period - Goal by Rick Nash - Avalanche : 1 - Blues : 3.
10:38 of 1st period - Derek Stepan wins face-off versus Mike Fisher in neutral zone.
10:47 of 1st period - Shot by Derek Stepan.
10:47 of 1st period - Shot Misses the Net.
10:53 of 1st period - Shot by Jeff Skinner.
10:53 of 1st period - Goal by Jeff Skinner - Avalanche : 2 - Blues : 3.
10:54 of 1st period - Dylan Larkin wins face-off versus Nick Cousins in neutral zone.
10:58 of 1st period - Off-side.
10:59 of 1st period - Nick Cousins wins face-off versus Dylan Larkin in neutral zone.
11:01 of 1st period - Off-side.
11:02 of 1st period - Jay McClement wins face-off versus Dylan Larkin in neutral zone.
11:04 of 1st period - Minor Penalty to Joffrey Lupul for Hooking.
11:05 of 1st period - Paul Stastny wins face-off versus Jussi Jokinen in Avalanche zone.
11:05 of 1st period - Paul Stastny is hit by Jussi Jokinen.
11:18 of 1st period - Shot by Jay Bouwmeester.
11:18 of 1st period - Shot Misses the Net.
11:20 of 1st period - Shot by Jay Bouwmeester.
11:20 of 1st period - Shot Misses the Net.
12:12 of 1st period - Shot by Jesper Fast.
12:12 of 1st period - Shot Blocked by Matt Carle.
12:14 of 1st period - Shot by Jesper Fast.
12:14 of 1st period - Stopped by Karri Ramo without a rebound.
12:15 of 1st period - Derek Stepan wins face-off versus Mike Fisher in Blues zone.
12:16 of 1st period - Shot by Dylan Larkin.
12:16 of 1st period - Shot Misses the Net.
14:17 of 1st period - Shot by Anthony Duclair.
14:17 of 1st period - Shot Misses the Net.
14:19 of 1st period - Shot by Jaccob Slavin.
14:19 of 1st period - Goal by Jaccob Slavin - Avalanche : 3 - Blues : 3.
14:20 of 1st period - Jussi Jokinen wins face-off versus Paul Stastny in neutral zone.
14:31 of 1st period - Shot by Jussi Jokinen.
14:31 of 1st period - Stopped by Jake Allen without a rebound.
14:32 of 1st period - Chris Tierney wins face-off versus Mike Fisher in Avalanche zone.
14:34 of 1st period - Icing by Shea Theodore.
14:35 of 1st period - Mike Fisher wins face-off versus Chris Tierney in Avalanche zone.
14:38 of 1st period - Shot by Michael Raffl.
14:38 of 1st period - Shot Misses the Net.
14:55 of 1st period - Mark Borowiecki is hit by Jesper Fast and loses puck.
16:08 of 1st period - Minor Penalty to Kevin Shattenkirk for Holding.
16:09 of 1st period - Paul Stastny wins face-off versus Jussi Jokinen in Avalanche zone.
16:34 of 1st period - Shot by Jussi Jokinen.
16:34 of 1st period - Stopped by Jake Allen with a rebound.
17:18 of 1st period - Shot by Dylan Larkin.
17:18 of 1st period - Shot Blocked by Matt Carle.
17:20 of 1st period - Shot by Derek Stepan.
17:20 of 1st period - Stopped by Karri Ramo without a rebound.
17:21 of 1st period - Mike Fisher wins face-off versus Paul Stastny in Blues zone.
18:13 of 1st period - Shot by Cal Clutterbuck.
18:13 of 1st period - Shot Misses the Net.
18:28 of 1st period - Icing by Cal Clutterbuck.
18:29 of 1st period - Dylan Larkin wins face-off versus Nick Cousins in Blues zone.
18:37 of 1st period - Cal Clutterbuck is hit by Kevin Shattenkirk and loses puck.
18:44 of 1st period - Shot by Nick Cousins.
18:44 of 1st period - Shot Misses the Net.
18:48 of 1st period - Shot by Nick Cousins.
18:48 of 1st period - Shot Blocked by Jaccob Slavin.
18:50 of 1st period - Shot by Nick Cousins.
18:50 of 1st period - Shot Misses the Net.
18:52 of 1st period - Shot by Tanner Glass.
18:52 of 1st period - Stopped by Jake Allen without a rebound.
18:53 of 1st period - Paul Stastny wins face-off versus Jay McClement in Avalanche zone.
18:53 of 1st period - Max Domi is hit by Adam Cracknell.
19:20 of 1st period - Mats Zuccarello is hit by Jakub Kindl and loses puck.
19:24 of 1st period - Minor Penalty to Jakub Kindl for Roughing.
19:25 of 1st period - Jussi Jokinen wins face-off versus Derek Stepan in Blues zone.
Goals for this period are 3 for Avalanche vs 3 for Blues.
Shots for this period are 10 for Avalanche vs 10 for Blues.

2nd period


0:01 of 2nd period - Jay McClement wins face-off versus Paul Stastny in neutral zone.
0:37 of 2nd period - Shot by Paul Stastny.
0:37 of 2nd period - Stopped by Karri Ramo without a rebound.
0:38 of 2nd period - Jay McClement wins face-off versus Derek Stepan in Blues zone.
0:49 of 2nd period - Shot by Jeff Skinner.
0:49 of 2nd period - Stopped by Karri Ramo with a rebound.
0:51 of 2nd period - Shot by Shea Theodore.
0:51 of 2nd period - Shot Blocked by Johnny Boychuk.
0:53 of 2nd period - Shot by Derek Stepan.
0:53 of 2nd period - Deflect By Dylan Larkin.
0:53 of 2nd period - Stopped by Karri Ramo without a rebound.
0:54 of 2nd period - Derek Stepan wins face-off versus Rick Nash in Blues zone.
0:57 of 2nd period - Shot by Tyson Barrie.
0:57 of 2nd period - Shot Hit the Post.
0:59 of 2nd period - Shot by Jeff Skinner.
0:59 of 2nd period - Shot Misses the Net.
1:21 of 2nd period - Shot by Dylan Larkin.
1:21 of 2nd period - Stopped by Karri Ramo without a rebound.
1:22 of 2nd period - Paul Stastny wins face-off versus Jay McClement in Blues zone.
1:39 of 2nd period - Reid Boucher is hit by Mike Fisher and loses puck.
1:48 of 2nd period - Shot by Johnny Boychuk.
1:48 of 2nd period - Stopped by Jake Allen without a rebound.
1:49 of 2nd period - Paul Stastny wins face-off versus Jussi Jokinen in Avalanche zone.
1:54 of 2nd period - Shot by Max Domi.
1:54 of 2nd period - Shot Misses the Net.
1:59 of 2nd period - Icing by Matt Carle.
2:00 of 2nd period - Derek Stepan wins face-off versus Jussi Jokinen in Blues zone.
2:00 of 2nd period - Derek Stepan is hit by Mark Borowiecki.
2:17 of 2nd period - Anthony Duclair is hit by Mark Borowiecki.
2:18 of 2nd period - Minor Penalty to Mark Borowiecki for Slashing.
2:19 of 2nd period - Paul Stastny wins face-off versus Jay McClement in Blues zone.
3:23 of 2nd period - Shot by Dylan Larkin.
3:23 of 2nd period - Shot Misses the Net.
3:27 of 2nd period - Shot by Jeff Skinner.
3:27 of 2nd period - Deflect By Dylan Larkin.
3:27 of 2nd period - Stopped by Karri Ramo without a rebound.
3:28 of 2nd period - Rick Nash wins face-off versus Derek Stepan in Blues zone.
3:43 of 2nd period - Shot by Derek Stepan.
3:43 of 2nd period - Deflect By Dylan Larkin.
3:43 of 2nd period - Stopped by Karri Ramo without a rebound.
3:44 of 2nd period - Rick Nash wins face-off versus Mats Zuccarello in Blues zone.
3:44 of 2nd period - Rick Nash is hit by Mats Zuccarello.
3:59 of 2nd period - Icing by Shea Theodore.
4:00 of 2nd period - Paul Stastny wins face-off versus Jay McClement in Avalanche zone.
4:26 of 2nd period - Mike Fisher is hit by Jeff Skinner and loses puck.
4:30 of 2nd period - Mark Borowiecki is hit by Kevin Bieksa and loses puck.
4:42 of 2nd period - Mike Fisher is hit by Kevin Bieksa and loses puck.
4:53 of 2nd period - Shot by Mike Fisher.
4:53 of 2nd period - Stopped by Jake Allen without a rebound.
4:54 of 2nd period - Nick Cousins wins face-off versus Dylan Larkin in Avalanche zone.
4:57 of 2nd period - Shot by Cal Clutterbuck.
4:57 of 2nd period - Stopped by Jake Allen with a rebound.
5:12 of 2nd period - Shot by Joffrey Lupul.
5:12 of 2nd period - Shot Misses the Net.
5:16 of 2nd period - Shot by Joffrey Lupul.
5:16 of 2nd period - Deflect By Dylan Larkin.
5:16 of 2nd period - Stopped by Karri Ramo without a rebound.
5:17 of 2nd period - Jussi Jokinen wins face-off versus Paul Stastny in Blues zone.
5:17 of 2nd period - Jussi Jokinen is hit by Max Domi.
5:29 of 2nd period - Shot by Max Domi.
5:29 of 2nd period - Stopped by Karri Ramo without a rebound.
5:30 of 2nd period - Mike Fisher wins face-off versus Derek Stepan in Blues zone.
5:47 of 2nd period - Mark Borowiecki is hit by Derek Stepan and loses puck.
6:06 of 2nd period - Shot by Anthony Duclair.
6:06 of 2nd period - Stopped by Karri Ramo without a rebound.
6:07 of 2nd period - Paul Stastny wins face-off versus Jussi Jokinen in Blues zone.
6:12 of 2nd period - Shot by Max Domi.
6:12 of 2nd period - Stopped by Karri Ramo without a rebound.
6:13 of 2nd period - Paul Stastny wins face-off versus Jussi Jokinen in Blues zone.
6:34 of 2nd period - Shot by Mats Zuccarello.
6:34 of 2nd period - Stopped by Karri Ramo without a rebound.
6:35 of 2nd period - Mike Fisher wins face-off versus Derek Stepan in Blues zone.
6:35 of 2nd period - Mike Fisher is hit by Jeff Skinner.
7:02 of 2nd period - Icing by Mark Borowiecki.
7:03 of 2nd period - Paul Stastny wins face-off versus Mike Fisher in Blues zone.
7:04 of 2nd period - Shot by Mats Zuccarello.
7:04 of 2nd period - Stopped by Karri Ramo without a rebound.
7:05 of 2nd period - Jussi Jokinen wins face-off versus Paul Stastny in Blues zone.
7:05 of 2nd period - Jussi Jokinen is hit by Max Domi.
7:15 of 2nd period - Shot by Mats Zuccarello.
7:15 of 2nd period - Shot Misses the Net.
7:19 of 2nd period - Shot by Paul Stastny.
7:19 of 2nd period - Shot Misses the Net.
7:35 of 2nd period - Shot by Paul Stastny.
7:35 of 2nd period - Deflect By Max Domi.
7:35 of 2nd period - Shot Misses the Net.
8:06 of 2nd period - Dylan Larkin is hit by Rick Nash and loses puck.
8:19 of 2nd period - Icing by Nick Cousins.
8:20 of 2nd period - Derek Stepan wins face-off versus Nick Cousins in Blues zone.
8:48 of 2nd period - Shot by Nick Cousins.
8:48 of 2nd period - Stopped by Jake Allen with a rebound.
8:50 of 2nd period - Shot by Nick Cousins.
8:50 of 2nd period - Shot Misses the Net.
8:52 of 2nd period - Shot by Nick Cousins.
8:52 of 2nd period - Stopped by Jake Allen without a rebound.
8:53 of 2nd period - Mike Fisher wins face-off versus Dylan Larkin in Avalanche zone.
8:56 of 2nd period - Shot by Mike Fisher.
8:56 of 2nd period - Shot Blocked by Tyson Barrie.
9:05 of 2nd period - Icing by Kevin Bieksa.
9:06 of 2nd period - Dylan Larkin wins face-off versus Jay McClement in Avalanche zone.
9:39 of 2nd period - Shot by Rob Klinkhammer.
9:39 of 2nd period - Deflect By Adam Cracknell.
9:39 of 2nd period - Shot Blocked by Tyson Barrie.
9:41 of 2nd period - Shot by Matt Carle.
9:41 of 2nd period - Stopped by Jake Allen with a rebound.
9:43 of 2nd period - Shot by Matt Carle.
9:43 of 2nd period - Stopped by Jake Allen without a rebound.
9:44 of 2nd period - Paul Stastny wins face-off versus Rick Nash in Avalanche zone.
9:44 of 2nd period - Paul Stastny is hit by Rick Nash.
10:07 of 2nd period - Max Domi is hit by Johnny Boychuk and loses puck.
10:18 of 2nd period - Shot by Mats Zuccarello.
10:18 of 2nd period - Stopped by Karri Ramo without a rebound.
10:19 of 2nd period - Derek Stepan wins face-off versus Mike Fisher in Blues zone.
10:20 of 2nd period - Shot by Anthony Duclair.
10:20 of 2nd period - Shot Misses the Net.
10:33 of 2nd period - Minor Penalty to Sami Vatanen for Hooking.
10:34 of 2nd period - Paul Stastny wins face-off versus Jussi Jokinen in Avalanche zone.
11:33 of 2nd period - Shot by Mike Fisher.
11:33 of 2nd period - Shot Blocked by Jaccob Slavin.
11:39 of 2nd period - Shot by Matt Carle.
11:39 of 2nd period - Shot Misses the Net.
11:41 of 2nd period - Shot by Mike Fisher.
11:41 of 2nd period - Shot Misses the Net.
11:49 of 2nd period - Shot by Derek Stepan.
11:49 of 2nd period - Shot Blocked by Jakub Kindl.
11:55 of 2nd period - Mike Fisher is hit by Derek Stepan and loses puck.
12:35 of 2nd period - Shot by Cal Clutterbuck.
12:35 of 2nd period - Stopped by Jake Allen without a rebound.
12:36 of 2nd period - Dylan Larkin wins face-off versus Nick Cousins in Avalanche zone.
12:36 of 2nd period - Dylan Larkin is hit by Tanner Glass.
12:50 of 2nd period - Shot by Nick Cousins.
12:50 of 2nd period - Stopped by Jake Allen without a rebound.
12:51 of 2nd period - Derek Stepan wins face-off versus Nick Cousins in Avalanche zone.
12:51 of 2nd period - Derek Stepan is hit by Tanner Glass.
13:22 of 2nd period - Shot by Nick Cousins.
13:22 of 2nd period - Stopped by Jake Allen without a rebound.
13:23 of 2nd period - Paul Stastny wins face-off versus Mike Fisher in Avalanche zone.
13:55 of 2nd period - Icing by Kevin Shattenkirk.
13:56 of 2nd period - Paul Stastny wins face-off versus Marian Hossa in Avalanche zone.
13:58 of 2nd period - Mats Zuccarello is hit by Rick Nash and loses puck.
13:59 of 2nd period - Mats Zuccarello from Avalanche is injured at 13:59 of 2nd period (Bruised Right Shoulder).
14:00 of 2nd period - Jussi Jokinen wins face-off versus Dylan Larkin in neutral zone.
14:02 of 2nd period - Off-side.
14:03 of 2nd period - Jussi Jokinen wins face-off versus Derek Stepan in neutral zone.
14:08 of 2nd period - Shot by Derek Stepan.
14:08 of 2nd period - Stopped by Karri Ramo with a rebound.
14:10 of 2nd period - Shot by Derek Stepan.
14:10 of 2nd period - Goal by Derek Stepan - Avalanche : 4 - Blues : 3.
14:11 of 2nd period - Derek Stepan wins face-off versus Jussi Jokinen in neutral zone.
14:43 of 2nd period - Off-side.
14:44 of 2nd period - Paul Stastny wins face-off versus Mike Fisher in neutral zone.
14:56 of 2nd period - Icing by Kevin Bieksa.
14:57 of 2nd period - Tanner Glass wins face-off versus Paul Stastny in Avalanche zone.
15:00 of 2nd period - Shot by Cal Clutterbuck.
15:00 of 2nd period - Shot Blocked by Tyson Barrie.
15:17 of 2nd period - Minor Penalty to Jakub Kindl for Hooking.
15:18 of 2nd period - Derek Stepan wins face-off versus Rick Nash in Blues zone.
17:11 of 2nd period - Icing by Kevin Shattenkirk.
17:12 of 2nd period - Rick Nash wins face-off versus Derek Stepan in Avalanche zone.
17:33 of 2nd period - Shot by Clarke MacArthur.
17:33 of 2nd period - Shot Misses the Net.
18:06 of 2nd period - Icing by Mike Fisher.
18:07 of 2nd period - Mike Fisher wins face-off versus Derek Stepan in Blues zone.
18:19 of 2nd period - Icing by Matt Carle.
18:20 of 2nd period - Dylan Larkin wins face-off versus Mike Fisher in Blues zone.
18:56 of 2nd period - Dylan Larkin is hit by Rick Nash and loses puck.
19:02 of 2nd period - Minor Penalty to Milan Michalek for Hooking.
19:03 of 2nd period - Paul Stastny wins face-off versus Jussi Jokinen in Avalanche zone.
19:03 of 2nd period - Jesper Fast is hit by Jay McClement and loses puck.
19:27 of 2nd period - Off-side.
19:28 of 2nd period - Mike Fisher wins face-off versus Paul Stastny in neutral zone.
19:47 of 2nd period - Shot by Matt Carle.
19:47 of 2nd period - Shot Blocked by Kevin Shattenkirk.
Goals for this period are 1 for Avalanche vs 0 for Blues.
Shots for this period are 15 for Avalanche vs 10 for Blues.

3rd period


0:01 of 3rd period - Jussi Jokinen wins face-off versus Paul Stastny in neutral zone.
0:18 of 3rd period - Paul Stastny is hit by Jay McClement and loses puck.
0:29 of 3rd period - Shot by Johnny Boychuk.
0:29 of 3rd period - Stopped by Jake Allen without a rebound.
0:30 of 3rd period - Mike Fisher wins face-off versus Paul Stastny in Avalanche zone.
0:34 of 3rd period - Shot by Matt Carle.
0:34 of 3rd period - Shot Misses the Net.
0:36 of 3rd period - Shot by Matt Carle.
0:36 of 3rd period - Shot Misses the Net.
0:38 of 3rd period - Shot by Mike Fisher.
0:38 of 3rd period - Shot Misses the Net.
0:40 of 3rd period - Shot by Matt Carle.
0:40 of 3rd period - Shot Blocked by Jaccob Slavin.
0:42 of 3rd period - Shot by Marian Hossa.
0:42 of 3rd period - Shot Misses the Net.
1:00 of 3rd period - Shot by Matt Carle.
1:00 of 3rd period - Shot Misses the Net.
1:10 of 3rd period - Shot by Tanner Glass.
1:10 of 3rd period - Deflect By Cal Clutterbuck.
1:10 of 3rd period - Stopped by Jake Allen without a rebound.
1:11 of 3rd period - Jay McClement wins face-off versus Dylan Larkin in Avalanche zone.
1:46 of 3rd period - Shot by Dylan Larkin.
1:46 of 3rd period - Deflect By Joffrey Lupul.
1:46 of 3rd period - Goal by Joffrey Lupul - Avalanche : 5 - Blues : 3.
1:47 of 3rd period - Derek Stepan wins face-off versus Jussi Jokinen in neutral zone.
1:54 of 3rd period - Shot by Jeff Skinner.
1:54 of 3rd period - Stopped by Karri Ramo without a rebound.
1:55 of 3rd period - Jussi Jokinen wins face-off versus Paul Stastny in Blues zone.
2:11 of 3rd period - Off-side.
2:12 of 3rd period - Dylan Larkin wins face-off versus Cal Clutterbuck in neutral zone.
3:24 of 3rd period - Shot by Anthony Duclair.
3:24 of 3rd period - Shot Blocked by Matt Carle.
3:26 of 3rd period - Shot by Derek Stepan.
3:26 of 3rd period - Stopped by Karri Ramo without a rebound.
3:27 of 3rd period - Mike Fisher wins face-off versus Paul Stastny in Blues zone.
3:34 of 3rd period - Icing by Max Domi.
3:35 of 3rd period - Paul Stastny wins face-off versus Jussi Jokinen in Avalanche zone.
3:52 of 3rd period - Marian Hossa is hit by Kevin Bieksa and loses puck.
3:55 of 3rd period - Shot by Rick Nash.
3:55 of 3rd period - Shot Misses the Net.
4:06 of 3rd period - Off-side.
4:07 of 3rd period - Mike Fisher wins face-off versus Milan Michalek in neutral zone.
4:18 of 3rd period - Shot by Michael Raffl.
4:18 of 3rd period - Shot Blocked by Kevin Shattenkirk.
4:21 of 3rd period - Minor Penalty to Mike Fisher for Diving.
4:22 of 3rd period - Paul Stastny wins face-off versus Jay McClement in Blues zone.
4:31 of 3rd period - Shot by Sami Vatanen.
4:31 of 3rd period - Shot Misses the Net.
4:33 of 3rd period - Shot by Paul Stastny.
4:33 of 3rd period - Goal by Paul Stastny - Avalanche : 6 - Blues : 3.
4:33 of 3rd period - Antti Niemi enters game.
4:34 of 3rd period - Mike Fisher wins face-off versus Dylan Larkin in neutral zone.
4:48 of 3rd period - Clarke MacArthur is hit by Kevin Shattenkirk and loses puck.
5:11 of 3rd period - Shot by Mike Fisher.
5:11 of 3rd period - Stopped by Jake Allen with a rebound.
5:13 of 3rd period - Shot by Mark Borowiecki.
5:13 of 3rd period - Goal by Mark Borowiecki - Avalanche : 6 - Blues : 4.
5:14 of 3rd period - Derek Stepan wins face-off versus Jussi Jokinen in neutral zone.
5:20 of 3rd period - Icing by Jay Bouwmeester.
5:21 of 3rd period - Derek Stepan wins face-off versus Jussi Jokinen in Blues zone.
6:45 of 3rd period - Shot by Nick Cousins.
6:45 of 3rd period - Shot Blocked by Kevin Shattenkirk.
6:47 of 3rd period - Shot by Nick Cousins.
6:47 of 3rd period - Shot Misses the Net.
6:53 of 3rd period - Shot by Cal Clutterbuck.
6:53 of 3rd period - Goal by Cal Clutterbuck - Avalanche : 6 - Blues : 5.
6:54 of 3rd period - Chris Tierney wins face-off versus Mike Fisher in neutral zone.
7:17 of 3rd period - Shot by Chris Tierney.
7:17 of 3rd period - Shot Hit the Post.
8:09 of 3rd period - Shot by Rob Klinkhammer.
8:09 of 3rd period - Stopped by Jake Allen without a rebound.
8:10 of 3rd period - Paul Stastny wins face-off versus Rick Nash in Avalanche zone.
8:16 of 3rd period - Off-side.
8:17 of 3rd period - Jeff Skinner wins face-off versus Jussi Jokinen in neutral zone.
8:34 of 3rd period - Shot by Rick Nash.
8:34 of 3rd period - Stopped by Jake Allen with a rebound.
8:36 of 3rd period - Shot by Rick Nash.
8:36 of 3rd period - Deflect By Jussi Jokinen.
8:36 of 3rd period - Stopped by Jake Allen with a rebound.
8:38 of 3rd period - Shot by Matt Irwin.
8:38 of 3rd period - Stopped by Jake Allen without a rebound.
8:39 of 3rd period - Nick Cousins wins face-off versus Dylan Larkin in Avalanche zone.
8:39 of 3rd period - Jay Bouwmeester is hit by Sami Vatanen and loses puck.
8:42 of 3rd period - Shot by Cal Clutterbuck.
8:42 of 3rd period - Shot Blocked by Sami Vatanen.
9:09 of 3rd period - Jay Bouwmeester is hit by Sami Vatanen.
9:44 of 3rd period - Minor Penalty to Shea Theodore for Interference.
9:45 of 3rd period - Mike Fisher wins face-off versus Paul Stastny in Avalanche zone.
9:46 of 3rd period - Shot by Matt Carle.
9:46 of 3rd period - Deflect By Michael Raffl.
9:46 of 3rd period - Stopped by Jake Allen without a rebound.
9:47 of 3rd period - Jussi Jokinen wins face-off versus Paul Stastny in Avalanche zone.
9:56 of 3rd period - Shot by Rick Nash.
9:56 of 3rd period - Shot Blocked by Kevin Shattenkirk.
9:58 of 3rd period - Shot by Rick Nash.
9:58 of 3rd period - Stopped by Jake Allen without a rebound.
9:59 of 3rd period - Paul Stastny wins face-off versus Mike Fisher in Avalanche zone.
10:38 of 3rd period - Shot by Marian Hossa.
10:38 of 3rd period - Shot Misses the Net.
10:40 of 3rd period - Shot by Johnny Boychuk.
10:40 of 3rd period - Stopped by Jake Allen without a rebound.
10:41 of 3rd period - Rick Nash wins face-off versus Dylan Larkin in Avalanche zone.
10:56 of 3rd period - Shot by Matt Carle.
10:56 of 3rd period - Stopped by Jake Allen without a rebound.
10:57 of 3rd period - Paul Stastny wins face-off versus Jussi Jokinen in Avalanche zone.
10:57 of 3rd period - Paul Stastny is hit by Jay McClement.
11:26 of 3rd period - Shot by Jussi Jokinen.
11:26 of 3rd period - Shot Misses the Net.
12:16 of 3rd period - Shot by Nick Cousins.
12:16 of 3rd period - Shot Misses the Net.
12:18 of 3rd period - Shot by Tanner Glass.
12:18 of 3rd period - Shot Misses the Net.
12:50 of 3rd period - Icing by Sami Vatanen.
12:51 of 3rd period - Adam Cracknell wins face-off versus Derek Stepan in Avalanche zone.
13:28 of 3rd period - Shot by Kevin Shattenkirk.
13:28 of 3rd period - Stopped by Antti Niemi with a rebound.
13:30 of 3rd period - Shot by Max Domi.
13:30 of 3rd period - Stopped by Antti Niemi without a rebound.
13:31 of 3rd period - Jussi Jokinen wins face-off versus Reid Boucher in Blues zone.
13:48 of 3rd period - Shot by Marian Hossa.
13:48 of 3rd period - Shot Misses the Net.
13:50 of 3rd period - Shot by Rick Nash.
13:50 of 3rd period - Stopped by Jake Allen with a rebound.
13:58 of 3rd period - Shot by Jussi Jokinen.
13:58 of 3rd period - Stopped by Jake Allen without a rebound.
13:59 of 3rd period - Mike Fisher wins face-off versus Paul Stastny in Avalanche zone.
14:22 of 3rd period - Jaccob Slavin is hit by Mike Fisher and loses puck.
14:29 of 3rd period - Shot by Matt Carle.
14:29 of 3rd period - Stopped by Jake Allen without a rebound.
14:30 of 3rd period - Jesper Fast wins face-off versus Jussi Jokinen in Avalanche zone.
15:00 of 3rd period - Icing by Tyson Barrie.
15:01 of 3rd period - Chris Tierney wins face-off versus Nick Cousins in Avalanche zone.
15:10 of 3rd period - Icing by Kevin Bieksa.
15:11 of 3rd period - Chris Tierney wins face-off versus Mike Fisher in Avalanche zone.
15:32 of 3rd period - Icing by Tyson Barrie.
15:33 of 3rd period - Jussi Jokinen wins face-off versus Chris Tierney in Avalanche zone.
16:27 of 3rd period - Off-side.
16:28 of 3rd period - Mike Fisher wins face-off versus Paul Stastny in neutral zone.
16:39 of 3rd period - Shot by Max Domi.
16:39 of 3rd period - Stopped by Antti Niemi without a rebound.
16:40 of 3rd period - Milan Michalek wins face-off versus Nick Cousins in Blues zone.
16:51 of 3rd period - Shot by Matt Irwin.
16:51 of 3rd period - Shot Blocked by Shea Theodore.
16:53 of 3rd period - Shot by Nick Cousins.
16:53 of 3rd period - Deflect By Cal Clutterbuck.
16:53 of 3rd period - Stopped by Jake Allen without a rebound.
16:54 of 3rd period - Paul Stastny wins face-off versus Mike Fisher in Avalanche zone.
16:54 of 3rd period - Paul Stastny is hit by Mike Fisher.
17:35 of 3rd period - Jeff Skinner is hit by Mark Borowiecki.
18:03 of 3rd period - Shot by Dylan Larkin.
18:03 of 3rd period - Shot Misses the Net.
18:05 of 3rd period - Shot by Sami Vatanen.
18:05 of 3rd period - Stopped by Antti Niemi with a rebound.
18:07 of 3rd period - Shot by Joffrey Lupul.
18:07 of 3rd period - Shot Misses the Net.
18:12 of 3rd period - Dylan Larkin is hit by Mark Borowiecki and loses puck.
18:25 of 3rd period - Shot by Milan Michalek.
18:25 of 3rd period - Stopped by Antti Niemi with a rebound.
18:27 of 3rd period - Shot by Milan Michalek.
18:27 of 3rd period - Stopped by Antti Niemi without a rebound.
18:28 of 3rd period - Chris Tierney wins face-off versus Nick Cousins in Blues zone.
18:37 of 3rd period - Shot by Reid Boucher.
18:37 of 3rd period - Stopped by Antti Niemi with a rebound.
18:43 of 3rd period - Blues, Antti Niemi is pulled from the net.
18:57 of 3rd period - Shot by Jesper Fast.
18:57 of 3rd period - Goal by Jesper Fast - Avalanche : 7 - Blues : 5.
18:57 of 3rd period - Antti Niemi from Blues was sent back in the game.
18:58 of 3rd period - Derek Stepan wins face-off versus Jussi Jokinen in neutral zone.
18:58 of 3rd period - Derek Stepan is hit by Rick Nash.
19:30 of 3rd period - Shot by Rick Nash.
19:30 of 3rd period - Stopped by Jake Allen with a rebound.
19:32 of 3rd period - Shot by Rick Nash.
19:32 of 3rd period - Stopped by Jake Allen without a rebound.
19:33 of 3rd period - Paul Stastny wins face-off versus Nick Cousins in Avalanche zone.
19:54 of 3rd period - Shot by Nick Cousins.
19:54 of 3rd period - Shot Misses the Net.
19:56 of 3rd period - Shot by Cal Clutterbuck.
19:56 of 3rd period - Shot Misses the Net.
Goals for this period are 3 for Avalanche vs 2 for Blues.
Shots for this period are 12 for Avalanche vs 19 for Blues.